WCHLSIM.com - West Coast Hockey League
html PUBLIC "-//W3C//DTD XHTML 1.0 Transitional//EN" "http://www.w3.org/TR/xhtml1/DTD/xhtml1-transitional.dtd"> WCHL - Game 718 - WINNIPEG BEAVERS vs VANCOUVER VOODOO

WINNIPEG BEAVERS vs VANCOUVER VOODOO

Created - 27 février 2021 at 22:44

Goals
1 2 3 T
WINNIPEG BEAVERS 1 2 0 3
VANCOUVER VOODOO 0 0 2 2
Shots
1 2 3 T
WINNIPEG BEAVERS 9 9 12 30
VANCOUVER VOODOO 9 13 10 32

1st period

1. WINNIPEG BEAVERS , Ondrej Palat 15 (Mika Zibanejad 32, Dylan DeMelo 11) at 15:09

Penalties :
Brandon Tanev (WIN) for High sticking (Minor) at 0:43

2nd period

2. WINNIPEG BEAVERS , Joe Pavelski 14 (Brad Marchand 41) at 5:01
3. WINNIPEG BEAVERS , Joe Pavelski 15 (Brad Marchand 42) at 17:40

Penalties :
Sean Kuraly (WIN) for Hooking (Minor) at 0:52, Adam Lowry (VAN) for Tripping (Minor) at 13:48

3rd period

4. VANCOUVER VOODOO , Max Domi 14 (Gustav Nyquist 25, Mike Green 3) at 4:03
5. VANCOUVER VOODOO , Max Domi 15 (Adam Gaudette 7, Gustav Nyquist 26) at 15:11

Penalties :
Nicolas Hague (VAN) for Hooking (Minor) at 7:14

Goalie Stats

Linus Ullmark (WIN), 30 saves from 32 shots - (0,938), W, 8-5-0, 60:00 minutes
Martin Jones (VAN), 27 saves from 30 shots - (0,900), L, 9-10-1, 59:12 minutes

Players Stats for WINNIPEG BEAVERS

Player Name              G  A  P  +/- PIM S  H  SB GA TA FO     MP     PP MP  PK MP  
------------------------------------------------------------------------------------
Alexander Radulov        0  0  0   0  0   3  3  0  0  0  0/3    18:27   1:47   0:00 
Anthony DeAngelo         0  0  0   0  0   0  1  0  0  0  0/0    17:49   2:14   0:00 
Brad Marchand            0  2  2   0  0   3  1  0  0  0  0/1    21:22   1:47   2:00 
Brandon Tanev            0  0  0   0  2   2  5  0  0  0  0/2    15:02   0:00   0:02 
Caleb Jones              0  0  0   0  0   0  0  0  0  0  0/0     4:00   0:40   0:00 
Carson Soucy             0  0  0   0  0   0  0  1  0  0  0/0    15:41   0:00   0:00 
Colin Wilson             0  0  0   0  0   0  0  0  0  0  0/0     3:20   0:00   0:00 
Dylan DeMelo             0  1  1   1  0   0  4  0  0  0  0/0    23:17   1:44   1:40 
Ian Cole                 0  0  0   1  0   0  1  4  0  0  0/0    22:08   1:34   2:18 
Joe Pavelski             2  0  2   0  0   4  0  0  0  0  13/25  21:42   2:11   1:56 
Joel Armia               0  0  0   1  0   1  0  1  0  0  0/0    18:19   2:11   0:00 
Justin Braun             0  0  0   0  0   0  1  0  0  0  0/0    20:38   1:44   2:18 
Kris Russell             0  0  0   0  0   0  1  2  0  0  0/0    19:47   0:00   1:40 
Michael Raffl            0  0  0   0  0   1  0  0  0  0  1/5    15:01   0:00   0:00 
Mika Zibanejad           0  1  1   1  0   10 1  0  0  0  20/32  20:50   1:47   2:00 
Ondrej Palat             1  0  1   1  0   4  1  0  0  0  0/0    20:17   2:11   1:58 
Sam Lafferty             0  0  0   0  0   0  0  0  0  0  2/5     3:20   0:00   0:00 
Sean Kuraly              0  0  0   0  2   2  0  0  0  0  7/14   15:00   0:00   0:00 

Players Stats for VANCOUVER VOODOO

Player Name              G  A  P  +/- PIM S  H  SB GA TA FO     MP     PP MP  PK MP  
------------------------------------------------------------------------------------
Adam Gaudette            0  1  1   0  0   1  3  0  0  0  6/24   18:29   2:24   0:00 
Adam Lowry               0  0  0   0  2   3  2  0  0  0  0/0    14:55   0:00   0:32 
Andrew Shaw              0  0  0   0  0   2  0  0  0  0  1/1     6:56   1:34   0:00 
Brendan Lemieux          0  0  0   0  0   1  3  0  0  0  0/0     5:22   0:00   0:00 
Bryan Little             0  0  0   0  0   2  0  0  0  0  15/20  14:53   0:00   0:29 
Cameron Gaunce           0  0  0   0  0   0  1  0  0  0  0/0     7:38   1:49   0:38 
Danny DeKeyser           0  0  0  -2  0   0  0  1  0  0  0/0    27:31   2:09   2:34 
Gustav Nyquist           0  2  2   0  0   3  1  0  0  0  0/0    19:24   2:24   0:00 
Jarred Tinordi           0  0  0   1  0   0  3  3  0  0  0/0    15:23   0:00   1:18 
Keith Yandle             0  0  0  -2  0   0  2  2  0  0  0/0    24:43   1:49   0:06 
Max Domi                 2  0  2   0  0   6  0  1  0  0  0/0    19:24   2:24   0:00 
Mike Green               0  1  1   1  0   0  1  4  0  0  0/0    27:08   0:00   2:19 
Nicolas Hague            0  0  0   0  2   0  0  0  0  0  0/0    17:36   2:09   1:01 
Nicolas Roy              0  0  0   0  0   6  0  0  0  0  0/0    14:24   0:00   0:00 
Noel Acciari             0  0  0  -1  0   3  1  0  0  0  1/4    19:10   0:00   2:57 
Paul Byron               0  0  0  -1  0   2  0  0  0  0  2/4    17:53   1:34   1:01 
Travis Zajac             0  0  0  -1  0   1  2  0  0  0  15/25  18:15   0:00   2:57 
Victor Rask              0  0  0   0  0   2  0  1  0  0  4/9     6:56   1:34   0:00 

3 Stars

1 - Joe Pavelski (WIN)
2 - Max Domi (VAN)
3 - Ondrej Palat (WIN)

Power Play

WINNIPEG BEAVERS - 0 on 2 Attempt(s) - 0,00%
VANCOUVER VOODOO - 0 on 2 Attempt(s) - 0,00%

Penalty Kill

WINNIPEG BEAVERS - 2 on 2 Attempt(s) - 100,00% - Score 0 goal in Penalty Kill
VANCOUVER VOODOO - 2 on 2 Attempt(s) - 100,00% - Score 0 goal in Penalty Kill

Team Stat

WINNIPEG BEAVERS - Hits : 19 - Faceoff Wins : 43 - Blocked Shots : 8 - Penalty Minutes : 4
VANCOUVER VOODOO - Hits : 19 - Faceoff Wins : 44 - Blocked Shots : 12 - Penalty Minutes : 4

Official

Referees : Reid Anderson and Dean Morton
Linesman : Matt MacPherson and Brian Mach

Game Notes

No Game Note

Finance

Level 1 -- Attendance: 7200 (100,00%) -- Ticket Income 1 044 000 $
Level 2 -- Attendance: 5500 (100,00%) -- Ticket Income 550 000 $
Level 3 -- Attendance: 2952 (98,40%) -- Ticket Income 200 736 $
Level 4 -- Attendance: 6000 (100,00%) -- Ticket Income 288 000 $
Luxury Box -- Attendance: 1000 (100,00%) -- Ticket Income 300 000 $
Total Attendance: 22652 (99,79%)
Total Ticket Income: 2 382 736 $
Other Expense: 23 827 $
Total Income: 2 358 909 $

WINNIPEG BEAVERS

5 vs 5 Forward 
   Center                   Left Wing                Right Wing               Time % Phy DF OF 
 1 Joe Pavelski             Brad Marchand            Alexander Radulov        35     1   1  3  
 2 Mika Zibanejad           Ondrej Palat             Joel Armia               34     0   2  3  
 3 Sean Kuraly              Michael Raffl            Brandon Tanev            26     1   3  1  
 4 Sam Lafferty             Colin Wilson             Caleb Jones              5      1   4  0  

5 vs 5 Defense 
   Defense                  Defense                                           Time % Phy DF OF 
 1 Kris Russell             Anthony DeAngelo                                  34     1   2  2  
 2 Ian Cole                 Dylan DeMelo                                      33     0   3  2  
 3 Justin Braun             Carson Soucy                                      25     1   3  1  
 4 Kris Russell             Dylan DeMelo                                      8      1   2  2  

PowerPlay Forward 
   Center                   Left Wing                Right Wing               Time % Phy DF OF 
 1 Mika Zibanejad           Brad Marchand            Alexander Radulov        52     0   0  5  
 2 Joe Pavelski             Ondrej Palat             Joel Armia               48     0   0  5  

PowerPlay Defense
   Defense                  Defense                                           Time % Phy DF OF 
 1 Ian Cole                 Anthony DeAngelo                                  53     0   1  4  
 2 Justin Braun             Dylan DeMelo                                      47     0   1  4  

Penalty Kill 4 Players Forward 
   Center                   Wing                     Time % Phy DF OF 
 1 Mika Zibanejad           Brad Marchand            50     0   4  1  
 2 Joe Pavelski             Ondrej Palat             50     0   4  1  

Penalty Kill 4 Players Defense
   Defense                  Defense                  Time % Phy DF OF 
 1 Ian Cole                 Justin Braun             52     1   4  0  
 2 Kris Russell             Dylan DeMelo             48     1   4  0  

Penalty Kill - 3 Players Forward 
   Forward                                           Time % Phy DF OF 
 1 Mika Zibanejad                                    50     0   5  0  
 2 Joe Pavelski                                      50     0   5  0  

Penalty Kill - 3 Players Defense
   Defense                  Defense                  Time % Phy DF OF 
 1 Ian Cole                 Justin Braun             51     1   4  0  
 2 Kris Russell             Dylan DeMelo             49     1   4  0  

4 vs 4 Forward 
   Center                   Wing                     Time % Phy DF OF 
 1 Mika Zibanejad           Brad Marchand            50     1   2  2  
 2 Joe Pavelski             Ondrej Palat             50     1   2  2  

4 vs 4 Defense
   Defense                  Defense                  Time % Phy DF OF 
 1 Ian Cole                 Anthony DeAngelo         52     1   2  2  
 2 Kris Russell             Justin Braun             48     1   2  2  

Last Minutes Offensive
   Center                   Left Wing                Right Wing               Defense                  Defense                  
   Mika Zibanejad           Brad Marchand            Alexander Radulov        Ian Cole                 Anthony DeAngelo         

Last Minutes Defensive
   Center                   Left Wing                Right Wing               Defense                  Defense                  
   Mika Zibanejad           Brad Marchand            Joe Pavelski             Ian Cole                 Justin Braun             

Goaltenders
Starting : Linus Ullmark            
Backup : Sergei Bobrovsky         

Extra Forwards
Normal : Alexander Radulov, Brad Marchand, Mika Zibanejad - PP : Brad Marchand, Joe Pavelski - PK : Brandon Tanev
Extra Defensemen
Normal : Anthony DeAngelo, Ian Cole, Justin Braun - PP : Ian Cole - PK : Dylan DeMelo, Kris Russell
Penalty Shots
Brad Marchand, Alexander Radulov, Mika Zibanejad, Joe Pavelski, Ondrej Palat
Custom OT Lines Forwards
Brad Marchand, Mika Zibanejad, Joe Pavelski, Alexander Radulov, Ondrej Palat, Joel Armia, Brandon Tanev, Michael Raffl, Sean Kuraly, Colin Wilson
Custom OT Lines Defensemen
Ian Cole, Anthony DeAngelo, Justin Braun, Kris Russell, Dylan DeMelo

Scratches
David Krejci (Left Leg Injury)

VANCOUVER VOODOO

5 vs 5 Forward 
   Center                   Left Wing                Right Wing               Time % Phy DF OF 
 1 Adam Gaudette            Max Domi                 Gustav Nyquist           31     1   1  3  
 2 Travis Zajac             Paul Byron               Noel Acciari             30     1   1  3  
 3 Bryan Little             Adam Lowry               Nicolas Roy              29     2   2  1  
 4 Victor Rask              Brendan Lemieux          Andrew Shaw              10     1   2  2  

5 vs 5 Defense 
   Defense                  Defense                                           Time % Phy DF OF 
 1 Danny DeKeyser           Keith Yandle                                      36     1   1  3  
 2 Nicolas Hague            Mike Green                                        33     2   2  1  
 3 Jarred Tinordi           Mike Green                                        31     2   2  1  
 4 Cameron Gaunce           Mike Green                                        0      1   2  2  

PowerPlay Forward 
   Center                   Left Wing                Right Wing               Time % Phy DF OF 
 1 Adam Gaudette            Max Domi                 Gustav Nyquist           50     1   1  3  
 2 Victor Rask              Paul Byron               Andrew Shaw              50     3   0  2  

PowerPlay Defense
   Defense                  Defense                                           Time % Phy DF OF 
 1 Keith Yandle             Cameron Gaunce                                    50     1   1  3  
 2 Danny DeKeyser           Nicolas Hague                                     50     1   2  2  

Penalty Kill 4 Players Forward 
   Center                   Wing                     Time % Phy DF OF 
 1 Travis Zajac             Noel Acciari             60     1   4  0  
 2 Adam Lowry               Paul Byron               40     2   2  1  

Penalty Kill 4 Players Defense
   Defense                  Defense                  Time % Phy DF OF 
 1 Danny DeKeyser           Nicolas Hague            58     3   2  0  
 2 Jarred Tinordi           Mike Green               42     1   3  1  

Penalty Kill - 3 Players Forward 
   Forward                                           Time % Phy DF OF 
 1 Noel Acciari                                      50     1   4  0  
 2 Travis Zajac                                      50     2   3  0  

Penalty Kill - 3 Players Defense
   Defense                  Defense                  Time % Phy DF OF 
 1 Keith Yandle             Cameron Gaunce           50     1   3  1  
 2 Nicolas Hague            Danny DeKeyser           50     2   3  0  

4 vs 4 Forward 
   Center                   Wing                     Time % Phy DF OF 
 1 Travis Zajac             Paul Byron               55     1   2  2  
 2 Bryan Little             Noel Acciari             45     1   3  1  

4 vs 4 Defense
   Defense                  Defense                  Time % Phy DF OF 
 1 Jarred Tinordi           Mike Green               50     2   2  1  
 2 Nicolas Hague            Keith Yandle             50     1   1  3  

Last Minutes Offensive
   Center                   Left Wing                Right Wing               Defense                  Defense                  
   Noel Acciari             Max Domi                 Gustav Nyquist           Danny DeKeyser           Keith Yandle             

Last Minutes Defensive
   Center                   Left Wing                Right Wing               Defense                  Defense                  
   Travis Zajac             Max Domi                 Noel Acciari             Danny DeKeyser           Keith Yandle             

Goaltenders
Starting : Martin Jones             
Backup : Braden Holtby            

Extra Forwards
Normal : Max Domi, Andrew Shaw, Noel Acciari - PP : Brendan Lemieux, Noel Acciari - PK : Bryan Little
Extra Defensemen
Normal : Nicolas Hague, Cameron Gaunce, Danny DeKeyser - PP : Nicolas Hague - PK : Mike Green, Danny DeKeyser
Penalty Shots
Adam Gaudette, Gustav Nyquist, Max Domi, Noel Acciari, Paul Byron
Custom OT Lines Forwards
Gustav Nyquist, Max Domi, Noel Acciari, Travis Zajac, Adam Gaudette, Adam Lowry, Bryan Little, Paul Byron, Nicolas Roy, Brendan Lemieux
Custom OT Lines Defensemen
Keith Yandle, Nicolas Hague, Danny DeKeyser, Mike Green, Jarred Tinordi

Scratches
Josh Manson (Broken Bone (Right Ankle) Injury), Mark Jankowski (Healthy)

% Time on Ice - WINNIPEG BEAVERS

Lines # - Real PCT - Wanted PCT - Time Play
Normal Forward
1 - 33% - 35% - 16:40
2 - 32% - 34% - 16:08
3 - 29% - 26% - 15:01
4 - 7% - 5% - 3:20
Normal Defense
1 - 30% - 34% - 15:35
2 - 34% - 33% - 17:21
3 - 31% - 25% - 15:41
4 - 5% - 8% - 2:32
PP Forward
1 - 45% - 52% - 1:47
2 - 55% - 48% - 2:11
PP Defense
1 - 56% - 53% - 2:14
2 - 44% - 47% - 1:44
PK Forward
1 - 50% - 50% - 2:00
2 - 50% - 50% - 1:58
PK Defense
1 - 58% - 52% - 2:18
2 - 42% - 48% - 1:40
PK3 Forward
1 - 0% - 50%
2 - 0% - 50%
PK3 Defense
1 - 0% - 51%
2 - 0% - 49%
44 Forward
1 - 0% - 50%
2 - 0% - 50%
44 Defense
1 - 0% - 52%
2 - 0% - 48%
Last Minute Offensive  - 0:00
Last Minute Defensive  - 0:55
Total
Forward - 60:00
Defense - 60:00

% Time on Ice - VANCOUVER VOODOO

Lines # - Real PCT - Wanted PCT - Time Play
Normal Forward
1 - 31% - 31% - 16:05
2 - 30% - 30% - 15:18
3 - 28% - 29% - 14:24
4 - 10% - 10% - 5:22
Normal Defense
1 - 43% - 36% - 21:53
2 - 27% - 33% - 13:52
3 - 28% - 31% - 14:05
4 - 3% - 0% - 1:19
PP Forward
1 - 61% - 50% - 2:24
2 - 39% - 50% - 1:34
PP Defense
1 - 46% - 50% - 1:49
2 - 54% - 50% - 2:09
PK Forward
1 - 74% - 60% - 2:57
2 - 26% - 40% - 1:01
PK Defense
1 - 67% - 58% - 2:40
2 - 33% - 42% - 1:18
PK3 Forward
1 - 0% - 50%
2 - 0% - 50%
PK3 Defense
1 - 0% - 50%
2 - 0% - 50%
44 Forward
1 - 0% - 55%
2 - 0% - 45%
44 Defense
1 - 0% - 50%
2 - 0% - 50%
Last Minute Offensive  - 0:55
Last Minute Defensive  - 0:00
Total
Forward - 60:00
Defense - 60:00

Play-by-Play

1st period


0:01 of 1st period - Joe Pavelski wins face-off versus Adam Gaudette in neutral zone.
0:09 of 1st period - Off-side.
0:10 of 1st period - Travis Zajac wins face-off versus Mika Zibanejad in neutral zone.
0:19 of 1st period - Shot by Travis Zajac.
0:19 of 1st period - Shot Misses the Net.
0:41 of 1st period - Shot by Ondrej Palat.
0:41 of 1st period - Stopped by Martin Jones without a rebound.
0:42 of 1st period - Bryan Little wins face-off versus Sean Kuraly in VANCOUVER VOODOO zone.
0:42 of 1st period - Bryan Little is hit by Brandon Tanev.
0:43 of 1st period - Minor Penalty to Brandon Tanev for High sticking.
0:44 of 1st period - Mika Zibanejad wins face-off versus Adam Gaudette in WINNIPEG BEAVERS zone.
1:50 of 1st period - Shot by Victor Rask.
1:50 of 1st period - Shot Misses the Net.
2:30 of 1st period - Shot by Max Domi.
2:30 of 1st period - Stopped by Linus Ullmark without a rebound.
2:31 of 1st period - Joe Pavelski wins face-off versus Adam Gaudette in WINNIPEG BEAVERS zone.
3:10 of 1st period - Shot by Nicolas Roy.
3:10 of 1st period - Stopped by Linus Ullmark without a rebound.
3:11 of 1st period - Paul Byron wins face-off versus Sean Kuraly in WINNIPEG BEAVERS zone.
3:25 of 1st period - Shot by Michael Raffl.
3:25 of 1st period - Stopped by Martin Jones without a rebound.
3:26 of 1st period - Victor Rask wins face-off versus Brad Marchand in VANCOUVER VOODOO zone.
3:28 of 1st period - Icing by Andrew Shaw.
3:29 of 1st period - Victor Rask wins face-off versus Joe Pavelski in VANCOUVER VOODOO zone.
3:43 of 1st period - Victor Rask is hit by Ian Cole and loses puck.
3:56 of 1st period - Shot by Victor Rask.
3:56 of 1st period - Stopped by Linus Ullmark without a rebound.
3:57 of 1st period - Mika Zibanejad wins face-off versus Adam Gaudette in WINNIPEG BEAVERS zone.
4:06 of 1st period - Off-side.
4:07 of 1st period - Sean Kuraly wins face-off versus Bryan Little in neutral zone.
4:45 of 1st period - Adam Lowry is hit by Justin Braun and loses puck.
5:15 of 1st period - Gustav Nyquist is hit by Kris Russell and loses puck.
5:28 of 1st period - Shot by Gustav Nyquist.
5:28 of 1st period - Stopped by Linus Ullmark without a rebound.
5:29 of 1st period - Mika Zibanejad wins face-off versus Travis Zajac in WINNIPEG BEAVERS zone.
5:36 of 1st period - Icing by Mike Green.
5:37 of 1st period - Travis Zajac wins face-off versus Mika Zibanejad in VANCOUVER VOODOO zone.
6:40 of 1st period - Icing by Dylan DeMelo.
6:41 of 1st period - Mika Zibanejad wins face-off versus Victor Rask in WINNIPEG BEAVERS zone.
6:43 of 1st period - Icing by Ondrej Palat.
6:44 of 1st period - Mika Zibanejad wins face-off versus Adam Gaudette in WINNIPEG BEAVERS zone.
6:44 of 1st period - Mika Zibanejad is hit by Adam Gaudette.
7:18 of 1st period - Shot by Brad Marchand.
7:18 of 1st period - Shot Blocked by Keith Yandle.
7:22 of 1st period - Shot by Brad Marchand.
7:22 of 1st period - Stopped by Martin Jones without a rebound.
7:23 of 1st period - Bryan Little wins face-off versus Michael Raffl in VANCOUVER VOODOO zone.
8:25 of 1st period - Joe Pavelski is hit by Keith Yandle and loses puck.
8:38 of 1st period - Shot by Noel Acciari.
8:38 of 1st period - Shot Blocked by Kris Russell.
8:48 of 1st period - Shot by Paul Byron.
8:48 of 1st period - Stopped by Linus Ullmark without a rebound.
8:49 of 1st period - Mika Zibanejad wins face-off versus Adam Gaudette in WINNIPEG BEAVERS zone.
9:53 of 1st period - Icing by Brandon Tanev.
9:54 of 1st period - Travis Zajac wins face-off versus Brandon Tanev in WINNIPEG BEAVERS zone.
10:07 of 1st period - Shot by Sean Kuraly.
10:07 of 1st period - Stopped by Martin Jones with a rebound.
10:17 of 1st period - Shot by Noel Acciari.
10:17 of 1st period - Stopped by Linus Ullmark without a rebound.
10:18 of 1st period - Bryan Little wins face-off versus Alexander Radulov in WINNIPEG BEAVERS zone.
11:20 of 1st period - Shot by Mika Zibanejad.
11:20 of 1st period - Stopped by Martin Jones without a rebound.
11:21 of 1st period - Travis Zajac wins face-off versus Mika Zibanejad in VANCOUVER VOODOO zone.
12:37 of 1st period - Shot by Gustav Nyquist.
12:37 of 1st period - Shot Misses the Net.
12:56 of 1st period - Brandon Tanev is hit by Brendan Lemieux and loses puck.
13:11 of 1st period - Shot by Andrew Shaw.
13:11 of 1st period - Stopped by Linus Ullmark without a rebound.
13:12 of 1st period - Bryan Little wins face-off versus Joe Pavelski in WINNIPEG BEAVERS zone.
13:13 of 1st period - Shot by Adam Lowry.
13:13 of 1st period - Stopped by Linus Ullmark without a rebound.
13:14 of 1st period - Joe Pavelski wins face-off versus Travis Zajac in WINNIPEG BEAVERS zone.
13:14 of 1st period - Joe Pavelski is hit by Travis Zajac.
13:21 of 1st period - Off-side.
13:22 of 1st period - Travis Zajac wins face-off versus Joe Pavelski in neutral zone.
15:01 of 1st period - Shot by Mika Zibanejad.
15:01 of 1st period - Stopped by Martin Jones with a rebound.
15:03 of 1st period - Shot by Ondrej Palat.
15:03 of 1st period - Shot Misses the Net.
15:09 of 1st period - Shot by Mika Zibanejad.
15:09 of 1st period - Deflect By Ondrej Palat.
15:09 of 1st period - Goal by Ondrej Palat - WINNIPEG BEAVERS : 1 - VANCOUVER VOODOO : 0.
15:10 of 1st period - Sean Kuraly wins face-off versus Bryan Little in neutral zone.
15:21 of 1st period - Shot by Brandon Tanev.
15:21 of 1st period - Stopped by Martin Jones without a rebound.
15:22 of 1st period - Victor Rask wins face-off versus Sam Lafferty in VANCOUVER VOODOO zone.
15:32 of 1st period - Sam Lafferty is hit by Brendan Lemieux and loses puck.
15:50 of 1st period - Colin Wilson is hit by Mike Green and loses puck.
17:07 of 1st period - Shot by Travis Zajac.
17:07 of 1st period - Shot Blocked by Ian Cole.
17:09 of 1st period - Shot by Paul Byron.
17:09 of 1st period - Shot Misses the Net.
17:27 of 1st period - Noel Acciari is hit by Dylan DeMelo and loses puck.
17:58 of 1st period - Shot by Brad Marchand.
17:58 of 1st period - Deflect By Alexander Radulov.
17:58 of 1st period - Shot Misses the Net.
18:35 of 1st period - Icing by Mike Green.
18:36 of 1st period - Sean Kuraly wins face-off versus Adam Gaudette in VANCOUVER VOODOO zone.
18:45 of 1st period - Shot by Brandon Tanev.
18:45 of 1st period - Shot Misses the Net.
18:47 of 1st period - Shot by Sean Kuraly.
18:47 of 1st period - Stopped by Martin Jones without a rebound.
18:48 of 1st period - Bryan Little wins face-off versus Sam Lafferty in VANCOUVER VOODOO zone.
19:07 of 1st period - Shot by Bryan Little.
19:07 of 1st period - Shot Misses the Net.
19:09 of 1st period - Shot by Adam Lowry.
19:09 of 1st period - Deflect By Nicolas Roy.
19:09 of 1st period - Shot Misses the Net.
19:11 of 1st period - Shot by Adam Lowry.
19:11 of 1st period - Stopped by Linus Ullmark with a rebound.
Goals for this period are 1 for WINNIPEG BEAVERS vs 0 for VANCOUVER VOODOO.
Shots for this period are 9 for WINNIPEG BEAVERS vs 9 for VANCOUVER VOODOO.

2nd period


0:01 of 2nd period - Joe Pavelski wins face-off versus Travis Zajac in neutral zone.
0:08 of 2nd period - Travis Zajac is hit by Alexander Radulov and loses puck.
0:25 of 2nd period - Shot by Brad Marchand.
0:25 of 2nd period - Shot Misses the Net.
0:35 of 2nd period - Shot by Brad Marchand.
0:35 of 2nd period - Deflect By Joe Pavelski.
0:35 of 2nd period - Shot Misses the Net.
0:52 of 2nd period - Minor Penalty to Sean Kuraly for Hooking.
0:53 of 2nd period - Mika Zibanejad wins face-off versus Adam Gaudette in WINNIPEG BEAVERS zone.
1:32 of 2nd period - Ondrej Palat is hit by Adam Gaudette and loses puck.
1:53 of 2nd period - Shot by Andrew Shaw.
1:53 of 2nd period - Stopped by Linus Ullmark without a rebound.
1:54 of 2nd period - Mika Zibanejad wins face-off versus Paul Byron in WINNIPEG BEAVERS zone.
2:07 of 2nd period - Shot by Keith Yandle.
2:07 of 2nd period - Shot Misses the Net.
2:39 of 2nd period - Shot by Mika Zibanejad.
2:39 of 2nd period - Stopped by Martin Jones without a rebound.
2:40 of 2nd period - Joe Pavelski wins face-off versus Adam Gaudette in VANCOUVER VOODOO zone.
2:59 of 2nd period - Shot by Nicolas Roy.
2:59 of 2nd period - Shot Misses the Net.
3:07 of 2nd period - Shot by Bryan Little.
3:07 of 2nd period - Deflect By Nicolas Roy.
3:07 of 2nd period - Stopped by Linus Ullmark with a rebound.
3:09 of 2nd period - Shot by Nicolas Roy.
3:09 of 2nd period - Stopped by Linus Ullmark without a rebound.
3:10 of 2nd period - Sam Lafferty wins face-off versus Victor Rask in WINNIPEG BEAVERS zone.
3:21 of 2nd period - Justin Braun is hit by Brendan Lemieux and loses puck.
3:30 of 2nd period - Shot by Victor Rask.
3:30 of 2nd period - Stopped by Linus Ullmark without a rebound.
3:31 of 2nd period - Bryan Little wins face-off versus Sean Kuraly in WINNIPEG BEAVERS zone.
3:32 of 2nd period - Shot by Adam Lowry.
3:32 of 2nd period - Stopped by Linus Ullmark with a rebound.
3:52 of 2nd period - Shot by Nicolas Roy.
3:52 of 2nd period - Shot Blocked by Ian Cole.
3:56 of 2nd period - Shot by Bryan Little.
3:56 of 2nd period - Shot Misses the Net.
3:58 of 2nd period - Shot by Bryan Little.
3:58 of 2nd period - Stopped by Linus Ullmark without a rebound.
3:59 of 2nd period - Mika Zibanejad wins face-off versus Adam Gaudette in WINNIPEG BEAVERS zone.
4:12 of 2nd period - Shot by Joel Armia.
4:12 of 2nd period - Shot Misses the Net.
4:28 of 2nd period - Icing by Keith Yandle.
4:29 of 2nd period - Adam Gaudette wins face-off versus Joe Pavelski in VANCOUVER VOODOO zone.
4:55 of 2nd period - Shot by Brad Marchand.
4:55 of 2nd period - Shot Misses the Net.
4:57 of 2nd period - Shot by Joe Pavelski.
4:57 of 2nd period - Shot Blocked by Danny DeKeyser.
4:59 of 2nd period - Shot by Brad Marchand.
4:59 of 2nd period - Shot Misses the Net.
5:01 of 2nd period - Shot by Joe Pavelski.
5:01 of 2nd period - Goal by Joe Pavelski - WINNIPEG BEAVERS : 2 - VANCOUVER VOODOO : 0.
5:02 of 2nd period - Mika Zibanejad wins face-off versus Travis Zajac in neutral zone.
5:24 of 2nd period - Shot by Noel Acciari.
5:24 of 2nd period - Stopped by Linus Ullmark without a rebound.
5:25 of 2nd period - Bryan Little wins face-off versus Michael Raffl in WINNIPEG BEAVERS zone.
5:39 of 2nd period - Icing by Kris Russell.
5:40 of 2nd period - Travis Zajac wins face-off versus Michael Raffl in WINNIPEG BEAVERS zone.
6:03 of 2nd period - Shot by Brandon Tanev.
6:03 of 2nd period - Stopped by Martin Jones without a rebound.
6:04 of 2nd period - Adam Gaudette wins face-off versus Joe Pavelski in VANCOUVER VOODOO zone.
6:04 of 2nd period - Max Domi is hit by Alexander Radulov and loses puck.
7:15 of 2nd period - Off-side.
7:16 of 2nd period - Sean Kuraly wins face-off versus Noel Acciari in neutral zone.
7:30 of 2nd period - Travis Zajac is hit by Brandon Tanev and loses puck.
8:15 of 2nd period - Bryan Little is hit by Brandon Tanev and loses puck.
8:25 of 2nd period - Icing by Nicolas Roy.
8:26 of 2nd period - Bryan Little wins face-off versus Mika Zibanejad in VANCOUVER VOODOO zone.
8:50 of 2nd period - Shot by Mika Zibanejad.
8:50 of 2nd period - Stopped by Martin Jones without a rebound.
8:51 of 2nd period - Joe Pavelski wins face-off versus Adam Gaudette in VANCOUVER VOODOO zone.
8:53 of 2nd period - Alexander Radulov is hit by Keith Yandle.
10:05 of 2nd period - Icing by Keith Yandle.
10:06 of 2nd period - Sam Lafferty wins face-off versus Adam Gaudette in VANCOUVER VOODOO zone.
10:22 of 2nd period - Icing by Justin Braun.
10:23 of 2nd period - Bryan Little wins face-off versus Sam Lafferty in WINNIPEG BEAVERS zone.
10:48 of 2nd period - Shot by Sam Lafferty.
10:48 of 2nd period - Shot Misses the Net.
11:12 of 2nd period - Shot by Travis Zajac.
11:12 of 2nd period - Deflect By Paul Byron.
11:12 of 2nd period - Shot Blocked by Kris Russell.
11:26 of 2nd period - Shot by Paul Byron.
11:26 of 2nd period - Stopped by Linus Ullmark without a rebound.
11:27 of 2nd period - Joe Pavelski wins face-off versus Victor Rask in WINNIPEG BEAVERS zone.
11:31 of 2nd period - Brad Marchand is hit by Cameron Gaunce.
11:51 of 2nd period - Shot by Andrew Shaw.
11:51 of 2nd period - Shot Blocked by Ian Cole.
12:31 of 2nd period - Shot by Noel Acciari.
12:31 of 2nd period - Shot Blocked by Ian Cole.
12:33 of 2nd period - Shot by Travis Zajac.
12:33 of 2nd period - Shot Misses the Net.
13:03 of 2nd period - Icing by Danny DeKeyser.
13:04 of 2nd period - Bryan Little wins face-off versus Sean Kuraly in VANCOUVER VOODOO zone.
13:04 of 2nd period - Bryan Little is hit by Brandon Tanev.
13:48 of 2nd period - Minor Penalty to Adam Lowry for Tripping.
13:49 of 2nd period - Joe Pavelski wins face-off versus Travis Zajac in VANCOUVER VOODOO zone.
14:14 of 2nd period - Shot by Joe Pavelski.
14:14 of 2nd period - Stopped by Martin Jones with a rebound.
14:16 of 2nd period - Shot by Ondrej Palat.
14:16 of 2nd period - Shot Misses the Net.
14:35 of 2nd period - Icing by Brad Marchand.
14:36 of 2nd period - Mika Zibanejad wins face-off versus Travis Zajac in WINNIPEG BEAVERS zone.
14:36 of 2nd period - Mika Zibanejad is hit by Travis Zajac.
15:28 of 2nd period - Shot by Ondrej Palat.
15:28 of 2nd period - Stopped by Martin Jones without a rebound.
15:29 of 2nd period - Bryan Little wins face-off versus Joe Pavelski in VANCOUVER VOODOO zone.
15:48 of 2nd period - Shot by Joel Armia.
15:48 of 2nd period - Stopped by Martin Jones with a rebound.
15:51 of 2nd period - Icing by Max Domi.
15:52 of 2nd period - Sean Kuraly wins face-off versus Adam Gaudette in VANCOUVER VOODOO zone.
16:23 of 2nd period - Shot by Max Domi.
16:23 of 2nd period - Shot Misses the Net.
16:41 of 2nd period - Shot by Bryan Little.
16:41 of 2nd period - Stopped by Linus Ullmark with a rebound.
16:52 of 2nd period - Icing by Danny DeKeyser.
16:53 of 2nd period - Bryan Little wins face-off versus Mika Zibanejad in VANCOUVER VOODOO zone.
17:04 of 2nd period - Shot by Nicolas Roy.
17:04 of 2nd period - Stopped by Linus Ullmark with a rebound.
17:06 of 2nd period - Shot by Nicolas Roy.
17:06 of 2nd period - Deflect By Bryan Little.
17:06 of 2nd period - Shot Blocked by Joel Armia.
17:08 of 2nd period - Shot by Nicolas Roy.
17:08 of 2nd period - Stopped by Linus Ullmark without a rebound.
17:09 of 2nd period - Travis Zajac wins face-off versus Joe Pavelski in WINNIPEG BEAVERS zone.
17:10 of 2nd period - Shot by Noel Acciari.
17:10 of 2nd period - Stopped by Linus Ullmark with a rebound.
17:40 of 2nd period - Shot by Joe Pavelski.
17:40 of 2nd period - Goal by Joe Pavelski - WINNIPEG BEAVERS : 3 - VANCOUVER VOODOO : 0.
17:41 of 2nd period - Mika Zibanejad wins face-off versus Adam Gaudette in neutral zone.
17:46 of 2nd period - Shot by Joel Armia.
17:46 of 2nd period - Shot Misses the Net.
17:48 of 2nd period - Shot by Ondrej Palat.
17:48 of 2nd period - Shot Blocked by Keith Yandle.
18:04 of 2nd period - Shot by Mika Zibanejad.
18:04 of 2nd period - Stopped by Martin Jones without a rebound.
18:05 of 2nd period - Bryan Little wins face-off versus Alexander Radulov in VANCOUVER VOODOO zone.
18:05 of 2nd period - Bryan Little is hit by Alexander Radulov.
18:10 of 2nd period - Off-side.
18:11 of 2nd period - Joe Pavelski wins face-off versus Travis Zajac in neutral zone.
18:19 of 2nd period - Noel Acciari is hit by Dylan DeMelo and loses puck.
18:25 of 2nd period - Travis Zajac is hit by Dylan DeMelo and loses puck.
18:38 of 2nd period - Shot by Travis Zajac.
18:38 of 2nd period - Stopped by Linus Ullmark without a rebound.
18:39 of 2nd period - Mika Zibanejad wins face-off versus Adam Gaudette in WINNIPEG BEAVERS zone.
18:39 of 2nd period - Ondrej Palat is hit by Gustav Nyquist.
18:50 of 2nd period - Off-side.
18:51 of 2nd period - Sean Kuraly wins face-off versus Bryan Little in neutral zone.
18:51 of 2nd period - Sean Kuraly is hit by Adam Lowry.
19:03 of 2nd period - Sean Kuraly is hit by Jarred Tinordi and loses puck.
19:51 of 2nd period - Off-side.
19:52 of 2nd period - Adam Gaudette wins face-off versus Mika Zibanejad in neutral zone.
Goals for this period are 2 for WINNIPEG BEAVERS vs 0 for VANCOUVER VOODOO.
Shots for this period are 9 for WINNIPEG BEAVERS vs 13 for VANCOUVER VOODOO.

3rd period


0:01 of 3rd period - Mika Zibanejad wins face-off versus Travis Zajac in neutral zone.
0:10 of 3rd period - Shot by Mika Zibanejad.
0:10 of 3rd period - Stopped by Martin Jones without a rebound.
0:11 of 3rd period - Joe Pavelski wins face-off versus Adam Gaudette in VANCOUVER VOODOO zone.
0:11 of 3rd period - Alexander Radulov is hit by Jarred Tinordi and loses puck.
0:24 of 3rd period - Shot by Max Domi.
0:24 of 3rd period - Stopped by Linus Ullmark without a rebound.
0:25 of 3rd period - Mika Zibanejad wins face-off versus Travis Zajac in WINNIPEG BEAVERS zone.
0:32 of 3rd period - Nicolas Hague is hit by Ondrej Palat and loses puck.
0:41 of 3rd period - Shot by Mika Zibanejad.
0:41 of 3rd period - Stopped by Martin Jones without a rebound.
0:42 of 3rd period - Joe Pavelski wins face-off versus Adam Gaudette in VANCOUVER VOODOO zone.
1:18 of 3rd period - Off-side.
1:19 of 3rd period - Paul Byron wins face-off versus Mika Zibanejad in neutral zone.
1:38 of 3rd period - Shot by Ondrej Palat.
1:38 of 3rd period - Stopped by Martin Jones without a rebound.
1:39 of 3rd period - Bryan Little wins face-off versus Brandon Tanev in VANCOUVER VOODOO zone.
1:54 of 3rd period - Shot by Brandon Tanev.
1:54 of 3rd period - Shot Blocked by Mike Green.
1:56 of 3rd period - Shot by Brandon Tanev.
1:56 of 3rd period - Shot Blocked by Jarred Tinordi.
3:32 of 3rd period - Shot by Adam Gaudette.
3:32 of 3rd period - Stopped by Linus Ullmark without a rebound.
3:33 of 3rd period - Victor Rask wins face-off versus Alexander Radulov in WINNIPEG BEAVERS zone.
3:43 of 3rd period - Off-side.
3:44 of 3rd period - Adam Gaudette wins face-off versus Joe Pavelski in neutral zone.
3:53 of 3rd period - Shot by Max Domi.
3:53 of 3rd period - Stopped by Linus Ullmark with a rebound.
3:55 of 3rd period - Shot by Max Domi.
3:55 of 3rd period - Shot Misses the Net.
3:57 of 3rd period - Shot by Nicolas Hague.
3:57 of 3rd period - Shot Blocked by Carson Soucy.
3:59 of 3rd period - Shot by Mike Green.
3:59 of 3rd period - Shot Misses the Net.
4:01 of 3rd period - Shot by Max Domi.
4:01 of 3rd period - Deflect By Gustav Nyquist.
4:01 of 3rd period - Shot Misses the Net.
4:03 of 3rd period - Shot by Max Domi.
4:03 of 3rd period - Goal by Max Domi - WINNIPEG BEAVERS : 3 - VANCOUVER VOODOO : 1.
4:04 of 3rd period - Andrew Shaw wins face-off versus Sean Kuraly in neutral zone.
5:09 of 3rd period - Shot by Mika Zibanejad.
5:09 of 3rd period - Shot Blocked by Max Domi.
5:11 of 3rd period - Shot by Mika Zibanejad.
5:11 of 3rd period - Stopped by Martin Jones without a rebound.
5:12 of 3rd period - Joe Pavelski wins face-off versus Travis Zajac in VANCOUVER VOODOO zone.
5:17 of 3rd period - Shot by Alexander Radulov.
5:17 of 3rd period - Stopped by Martin Jones without a rebound.
5:18 of 3rd period - Travis Zajac wins face-off versus Mika Zibanejad in VANCOUVER VOODOO zone.
5:20 of 3rd period - Icing by Noel Acciari.
5:21 of 3rd period - Mika Zibanejad wins face-off versus Noel Acciari in VANCOUVER VOODOO zone.
5:31 of 3rd period - Noel Acciari is hit by Anthony DeAngelo and loses puck.
6:13 of 3rd period - Noel Acciari is hit by Dylan DeMelo.
6:45 of 3rd period - Shot by Joe Pavelski.
6:45 of 3rd period - Shot Misses the Net.
6:47 of 3rd period - Shot by Brad Marchand.
6:47 of 3rd period - Stopped by Martin Jones without a rebound.
6:48 of 3rd period - Michael Raffl wins face-off versus Bryan Little in VANCOUVER VOODOO zone.
6:51 of 3rd period - Shot by Sean Kuraly.
6:51 of 3rd period - Shot Blocked by Mike Green.
6:54 of 3rd period - Icing by Mike Green.
6:55 of 3rd period - Bryan Little wins face-off versus Sean Kuraly in VANCOUVER VOODOO zone.
7:04 of 3rd period - Icing by Justin Braun.
7:05 of 3rd period - Sean Kuraly wins face-off versus Adam Gaudette in WINNIPEG BEAVERS zone.
7:05 of 3rd period - Brandon Tanev is hit by Adam Gaudette.
7:14 of 3rd period - Minor Penalty to Nicolas Hague for Hooking.
7:15 of 3rd period - Travis Zajac wins face-off versus Mika Zibanejad in VANCOUVER VOODOO zone.
7:15 of 3rd period - Travis Zajac is hit by Mika Zibanejad.
7:25 of 3rd period - Shot by Mika Zibanejad.
7:25 of 3rd period - Stopped by Martin Jones without a rebound.
7:26 of 3rd period - Travis Zajac wins face-off versus Joe Pavelski in VANCOUVER VOODOO zone.
7:49 of 3rd period - Shot by Joe Pavelski.
7:49 of 3rd period - Stopped by Martin Jones without a rebound.
7:50 of 3rd period - Travis Zajac wins face-off versus Mika Zibanejad in VANCOUVER VOODOO zone.
8:50 of 3rd period - Icing by Ondrej Palat.
8:51 of 3rd period - Travis Zajac wins face-off versus Joe Pavelski in WINNIPEG BEAVERS zone.
9:18 of 3rd period - Icing by Michael Raffl.
9:19 of 3rd period - Adam Gaudette wins face-off versus Sean Kuraly in WINNIPEG BEAVERS zone.
10:47 of 3rd period - Shot by Nicolas Roy.
10:47 of 3rd period - Stopped by Linus Ullmark without a rebound.
10:48 of 3rd period - Mika Zibanejad wins face-off versus Paul Byron in WINNIPEG BEAVERS zone.
10:48 of 3rd period - Mika Zibanejad is hit by Noel Acciari.
11:00 of 3rd period - Shot by Mika Zibanejad.
11:00 of 3rd period - Shot Misses the Net.
11:20 of 3rd period - Icing by Ondrej Palat.
11:21 of 3rd period - Mika Zibanejad wins face-off versus Bryan Little in WINNIPEG BEAVERS zone.
11:21 of 3rd period - Mika Zibanejad is hit by Adam Lowry.
12:06 of 3rd period - Shot by Brendan Lemieux.
12:06 of 3rd period - Stopped by Linus Ullmark without a rebound.
12:07 of 3rd period - Travis Zajac wins face-off versus Joe Pavelski in WINNIPEG BEAVERS zone.
12:40 of 3rd period - Shot by Alexander Radulov.
12:40 of 3rd period - Shot Blocked by Jarred Tinordi.
12:44 of 3rd period - Shot by Brad Marchand.
12:44 of 3rd period - Shot Blocked by Jarred Tinordi.
12:46 of 3rd period - Shot by Brad Marchand.
12:46 of 3rd period - Shot Blocked by Mike Green.
12:48 of 3rd period - Shot by Alexander Radulov.
12:48 of 3rd period - Stopped by Martin Jones with a rebound.
12:50 of 3rd period - Shot by Brad Marchand.
12:50 of 3rd period - Shot Blocked by Mike Green.
13:01 of 3rd period - Icing by Noel Acciari.
13:02 of 3rd period - Travis Zajac wins face-off versus Michael Raffl in VANCOUVER VOODOO zone.
13:02 of 3rd period - Travis Zajac is hit by Brandon Tanev.
14:12 of 3rd period - Shot by Gustav Nyquist.
14:12 of 3rd period - Stopped by Linus Ullmark without a rebound.
14:13 of 3rd period - Joe Pavelski wins face-off versus Victor Rask in WINNIPEG BEAVERS zone.
15:11 of 3rd period - Shot by Max Domi.
15:11 of 3rd period - Goal by Max Domi - WINNIPEG BEAVERS : 3 - VANCOUVER VOODOO : 2.
15:12 of 3rd period - Travis Zajac wins face-off versus Mika Zibanejad in neutral zone.
15:35 of 3rd period - Shot by Noel Acciari.
15:35 of 3rd period - Shot Misses the Net.
16:41 of 3rd period - Shot by Brandon Tanev.
16:41 of 3rd period - Shot Misses the Net.
17:53 of 3rd period - Icing by Nicolas Hague.
17:54 of 3rd period - Mika Zibanejad wins face-off versus Victor Rask in VANCOUVER VOODOO zone.
18:03 of 3rd period - Shot by Joel Armia.
18:03 of 3rd period - Shot Misses the Net.
18:05 of 3rd period - Shot by Mika Zibanejad.
18:05 of 3rd period - Shot Blocked by Victor Rask.
18:23 of 3rd period - Shot by Mika Zibanejad.
18:23 of 3rd period - Stopped by Martin Jones without a rebound.
18:24 of 3rd period - Adam Gaudette wins face-off versus Joe Pavelski in VANCOUVER VOODOO zone.
18:24 of 3rd period - Adam Gaudette is hit by Brad Marchand.
18:41 of 3rd period - Alexander Radulov is hit by Jarred Tinordi and loses puck.
19:00 of 3rd period - Shot by Alexander Radulov.
19:00 of 3rd period - Shot Misses the Net.
19:02 of 3rd period - Shot by Joe Pavelski.
19:02 of 3rd period - Deflect By Brad Marchand.
19:02 of 3rd period - Stopped by Martin Jones with a rebound.
19:04 of 3rd period - Shot by Alexander Radulov.
19:04 of 3rd period - Stopped by Martin Jones without a rebound.
19:05 of 3rd period - Noel Acciari wins face-off versus Mika Zibanejad in VANCOUVER VOODOO zone.
19:12 of 3rd period - VANCOUVER VOODOO, Martin Jones is pulled from the net.
19:14 of 3rd period - Shot by Gustav Nyquist.
19:14 of 3rd period - Stopped by Linus Ullmark without a rebound.
19:15 of 3rd period - Mika Zibanejad wins face-off versus Noel Acciari in WINNIPEG BEAVERS zone.
19:36 of 3rd period - Shot by Max Domi.
19:36 of 3rd period - Stopped by Linus Ullmark with a rebound.
Goals for this period are 0 for WINNIPEG BEAVERS vs 2 for VANCOUVER VOODOO.
Shots for this period are 12 for WINNIPEG BEAVERS vs 10 for VANCOUVER VOODOO.


SEBASTIAN
AHO
MARK
SCHEIFELE
JAKE
OETTINGER

EAST COAST

HOCKEY LEAGUE

  • 17.QUE3CHI2
  • 18.CHA2LIM4
  • 19.TRV3LON2
  • 20.CHW1BAL2
  • 21.PITMAN
  • 22.ATLNHW
  • 23.WORPET
  • 24.RHI